Map: Lerilak Crest

Players

State - Winner!

  • Race: Protoss Protoss
  • League: Diamond

LiquidSnute (Snute)

  • Race: Zerg Zerg
  • League: Grandmaster

Event: Team Gravity's Fight Night #37

VOD

https://youtu.be/T6TAOjOoSBY?t=29m20s

Description

Time

  • Played on: Oct. 31, 2015, 6:58 p.m.
  • Length: 23:12

All games in this series

Show
View Real Time Build Order
Export as new Build Order

State Protoss - Winner!

Build Orders: 1 Gate Expand 

Get SALT Encoding   

  12  0:01  Probe (Chrono Boost)  
  13  0:15  Pylon  
  13  0:17  Probe (Chrono Boost)  
  14  0:27  Probe (Chrono Boost)  
  15  0:34  Gateway  
  15  0:38  Probe (Chrono Boost)  
  16  0:47  Assimilator  
  16  0:48  Probe (Chrono Boost)  
  17  0:59  Probe (Chrono Boost)  
  18  1:10  Probe (Chrono Boost)  
  19  1:20  Probe (Chrono Boost)  
  19  1:24  Nexus  
  20  1:34  Cybernetics Core  
  20  1:36  Probe (Chrono Boost)  
  21  1:42  Assimilator  
  21  1:47  Probe (Chrono Boost)  
  22  1:54  Pylon  
  22  1:58  Probe (Chrono Boost)  
  23  2:12  Stalker  
  23  2:13  Mothership Core (Chrono Boost)  
  27  2:15  Warp Gate  
  27  2:27  Forge  
  27  2:31  Probe (Chrono Boost)  
  27  2:36  Probe (Chrono Boost)  
  29  2:42  Sentry, Probe (Chrono Boost)  
  32  2:46  Probe (Chrono Boost)  
  33  2:52  Probe (Chrono Boost)  
  33  2:57  Probe (Chrono Boost)  
  35  2:59  Protoss Ground Weapons Level 1 (Chrono Boost)  
  35  3:03  Probe (Chrono Boost)  
  36  3:07  Probe (Chrono Boost)  
  36  3:12  Sentry  
  39  3:13  Probe (Chrono Boost)  
  39  3:18  Probe (Chrono Boost)  
  41  3:26  Nexus  
  41  3:31  Probe x2 (Chrono Boost)  
  43  3:34  Pylon  
  43  3:39  Sentry  
  45  3:42  Probe (Chrono Boost)  
  46  3:53  Probe (Chrono Boost), Pylon  
  46  3:54  Probe (Chrono Boost)  
  48  3:55  Twilight Council  
  48  4:03  Probe  
  48  4:05  Probe  
  48  4:07  Gateway  
  48  4:08  Gateway  
  50  4:12  Gateway  
  50  4:13  Probe  
  51  4:17  Probe  
  52  4:24  Gateway  
  52  4:26  Probe  
  53  4:31  Probe, Assimilator  
  53  4:32  Protoss Ground Weapons Level 2 (Chrono Boost), Assimilator  
  53  4:33  Blink (Chrono Boost)  
  54  4:40  Probe  
  54  4:41  Probe  
  56  4:49  Probe  
  56  4:51  Probe  
  56  4:52  Pylon  
  58  4:53  Probe  
  59  5:01  Probe  
  59  5:02  Probe  
  59  5:06  Probe  
  62  5:12  Probe  
  62  5:14  Probe  
  64  5:15  Gateway x2  
  64  5:18  Probe  
  64  5:19  Robotics Facility  
  64  5:20  Pylon  
  65  5:22  Probe, Photon Cannon  
  65  5:26  Probe  
  65  5:28  Sentry x3  
  71  5:30  Probe  
  71  5:33  Probe  
  75  5:35  Photon Cannon  
  75  5:44  Gateway  
  75  5:45  Gateway  
  75  5:48  Gateway  
  75  5:50  Probe x3  
  78  6:00  Stalker x3  
  84  6:06  Pylon  
  84  6:07  Robotics Bay  
  84  6:09  Warp Prism (Chrono Boost)  
  86  6:15  Probe x2  
  86  6:18  Stalker x2  
  92  6:22  Pylon  
  92  6:25  Pylon  
  92  6:32  Probe x2  
  94  6:33  Assimilator  
  94  6:35  Assimilator  
  94  6:37  Pylon  
  94  6:52  Protoss Ground Weapons Level 3  
  94  6:53  Probe x2  
  96  6:56  Disruptor (Chrono Boost), Robotics Facility  
  96  7:00  Stalker x6  
  111  7:04  Pylon  
  111  7:06  Pylon  
  111  7:08  Probe  
  111  7:09  Pylon  
  112  7:29  Observer (Chrono Boost)  
  113  7:30  Stalker  
  113  7:32  Zealot x6  
  113  7:33  Zealot x2  
  131  7:42  Pylon x2  
  129  7:44  Pylon  
  129  7:46  Disruptor (Chrono Boost)  
  129  7:47  Disruptor (Chrono Boost)  
  109  8:08  Stalker x2  
  109  8:09  Stalker x5  
  109  8:10  Stalker x3  
  129  8:24  Disruptor (Chrono Boost)  
  128  8:37  Zealot x5  
  128  8:40  Zealot x2  
  106  8:49  Stalker  
  102  8:56  Disruptor (Chrono Boost)  
  104  9:11  Stalker x7  
  118  9:24  Observer (Chrono Boost)  
  110  9:29  Gateway  
  110  9:31  Gateway  
  110  9:33  Gateway  
  110  9:34  Stalker x6  
  110  9:35  Gateway  
  110  9:37  Protoss Ground Armor Level 1  
  110  9:38  Gateway  
  123  9:41  Warp Prism (Chrono Boost)  
  124  9:47  Gateway  
  124  9:49  Stalker x2  
  128  10:01  Disruptor (Chrono Boost)  
  129  10:08  Stalker x2  
  129  10:09  Stalker  
  129  10:12  Disruptor (Chrono Boost)  
  136  10:26  Stalker x5  
  144  10:34  Nexus  
  144  10:45  Pylon x2  
  144  10:47  Pylon  
  142  10:54  Stalker x5  
  152  11:04  Stalker x4  
  152  11:20  Stalker x3  
  152  11:21  Stalker x2  
  152  11:25  Stalker  
  160  11:30  Stalker x2  
  155  11:36  Stalker x2  
  150  11:44  Sentry  
  150  11:45  Sentry x3  
  150  11:48  Stalker  
  147  12:00  Stalker  
  147  12:01  Stalker x2  
  121  12:12  Stalker x2  
  121  12:13  Probe  
  115  12:22  Stalker  
  104  12:30  Probe x2  
  104  12:36  Observer (Chrono Boost)  
  97  12:39  Observer (Chrono Boost)  
  97  12:43  Probe x2  
  97  12:55  Probe x2  
  97  12:56  Observer (Chrono Boost)  
  101  13:00  Observer (Chrono Boost)  
  96  13:07  Probe x2  
  96  13:08  Stalker x2  
  97  13:19  Probe x2  
  95  13:29  Stalker x3  
  95  13:31  Probe x2  
  103  13:37  Photon Cannon  
  103  13:43  Probe  
  104  13:56  Stalker x3  
  104  13:57  Stalker  
  112  14:06  Probe  
  112  14:07  Probe  
  112  14:17  Stalker x4  
  120  14:28  Probe  
  120  14:29  Probe x2  
  121  14:41  Stalker x3  
  121  14:42  Pylon  
  112  15:10  Stalker x4  
  112  15:11  Stalker x3  
  126  15:24  Stalker x3  
  130  15:38  Stalker x3  
  130  15:56  Stalker x3  
  132  15:57  Stalker x2  
  128  16:25  Stalker x4  
  116  16:54  Stalker x4  
  109  17:09  Stalker x2  
  112  17:43  Nexus  
  114  17:44  Observer (Chrono Boost)  
  114  17:47  Observer (Chrono Boost)  
  114  18:15  Sentry x3  
  114  18:16  Sentry x2  
  121  18:46  Stalker x2  
  123  19:25  Observer (Chrono Boost)  
  123  19:26  Stalker x2  
  123  19:28  Observer (Chrono Boost)  
  129  19:34  Archon x2  
  125  19:59  Robotics Bay  
  125  20:02  Nexus  
  125  20:24  Zealot x4  
  133  20:31  Zealot x2  
  127  21:01  Zealot x6  
  140  21:19  Disruptor (Chrono Boost)  
  140  21:22  Disruptor (Chrono Boost)  
  135  21:53  Zealot x5  
  124  22:20  Pylon  
  124  22:22  Nexus  
  104  22:53  Assimilator x2  
Show
View Real Time Build Order
Export as new Build Order

LiquidSnute Zerg 

Build Orders: 3 Hatch before Pool, Lurkers 

Get SALT Encoding   

  12  0:00  Drone  
  13  0:12  Overlord  
  13  0:17  Drone  
  14  0:30  Drone x2  
  14  0:35  Drone  
  17  0:52  Hatchery  
  17  0:54  Drone  
  17  0:58  Drone  
  18  1:06  Drone  
  19  1:20  Hatchery  
  19  1:23  Drone  
  19  1:35  Spawning Pool  
  19  1:38  Drone  
  19  1:41  Drone  
  20  1:49  Drone  
  21  2:01  Drone  
  22  2:05  Drone  
  23  2:10  Overlord  
  24  2:15  Drone  
  24  2:22  Queen x2  
  28  2:29  Zergling x4  
  30  2:33  Queen  
  30  2:34  Drone x2  
  34  2:37  Drone  
  34  2:42  Overlord  
  34  2:43  Overlord  
  35  2:48  Drone  
  36  2:53  Drone  
  36  2:54  Drone  
  36  2:57  Queen  
  36  2:58  Drone  
  41  3:02  Queen  
  41  3:04  Drone  
  44  3:08  Drone  
  44  3:09  Drone  
  46  3:15  Drone  
  46  3:16  Drone  
  48  3:21  Drone, Extractor  
  48  3:22  Extractor  
  48  3:26  Drone x2  
  49  3:29  Drone  
  49  3:30  Drone x2  
  49  3:31  Drone x3  
  49  3:32  Drone  
  56  3:36  Overlord  
  56  3:40  Overlord  
  55  3:42  Drone x2  
  55  3:44  Overlord  
  57  3:53  Roach Warren  
  57  3:54  Overlord  
  56  3:59  Drone x3  
  56  4:00  Drone x2  
  61  4:05  Drone  
  61  4:07  Drone x3  
  65  4:11  Drone  
  65  4:12  Drone  
  65  4:15  Drone  
  65  4:16  Drone x3  
  71  4:17  Lair  
  71  4:19  Evolution Chamber  
  71  4:23  Drone  
  71  4:24  Drone, Extractor x2  
  70  4:25  Extractor  
  70  4:26  Drone, Extractor  
  69  4:36  Drone x3  
  69  4:37  Drone x4  
  69  4:38  Drone  
  77  4:39  Drone  
  78  4:48  Zerg Missile Weapons Level 1  
  78  4:52  Drone x4  
  82  4:58  Overlord x3  
  82  4:59  Drone, Spore Crawler  
  82  5:00  Drone  
  82  5:03  Hatchery  
  82  5:08  Overlord  
  82  5:16  Hydralisk Den  
  82  5:20  Glial Reconstitution  
  81  5:22  Roach  
  81  5:23  Roach x7  
  81  5:24  Roach  
  81  5:25  Roach  
  81  5:27  Overlord  
  101  5:30  Roach  
  103  5:41  Drone x8  
  103  5:42  Drone  
  112  5:44  Lurker Den  
  112  5:49  Extractor  
  111  5:52  Extractor  
  110  6:06  Hydralisk  
  110  6:07  Hydralisk x4  
  120  6:17  Hydralisk x3  
  126  6:19  Overlord x3  
  126  6:23  Infestation Pit  
  126  6:24  Overlord  
  125  6:32  Overlord  
  125  6:34  Overseer  
  125  6:38  Hydralisk x8  
  141  6:43  Zerg Missile Weapons Level 2  
  141  6:44  Roach x7  
  155  6:47  Overlord  
  155  7:00  Overseer  
  155  7:13  Lurker x5  
  155  7:14  Lurker x2  
  155  7:15  Overlord x4  
  162  7:19  Spine Crawler  
  162  7:21  Spine Crawler x2  
  162  7:22  Spine Crawler  
  158  7:23  Hive  
  158  7:24  Spine Crawler  
  158  7:27  Roach x6  
  169  7:40  Muscular Augments  
  169  7:46  Roach x9  
  169  7:47  Roach  
  167  8:02  Hydralisk x3  
  164  8:05  Lurker x2  
  164  8:07  Roach  
  164  8:08  Roach x3  
  167  8:19  Lurker x2  
  162  8:22  Roach x4  
  158  8:28  Lurker  
  159  8:35  Roach x6  
  159  8:39  Roach  
  159  8:40  Roach x3  
  150  8:52  Roach x4  
  146  8:57  Lurker x2  
  137  9:17  Hydralisk  
  137  9:18  Hydralisk x4  
  137  9:21  Roach x13  
  170  9:29  Spire  
  170  9:30  Lurker  
  170  9:44  Lurker x3  
  173  9:58  Hatchery  
  170  10:01  Overseer x2  
  168  10:09  Hydralisk x3  
  168  10:10  Hydralisk x3  
  168  10:11  Overlord x2  
  174  10:24  Roach x6  
  174  10:25  Roach x3  
  174  10:27  Hydralisk x4, Extractor  
  179  10:28  Extractor  
  178  10:42  Zerg Missile Weapons Level 3  
  175  10:43  Greater Spire  
  175  10:48  Spine Crawler  
  175  10:49  Lurker, Spine Crawler  
  175  10:50  Lurker  
  175  10:51  Spine Crawler  
  175  10:53  Lurker  
  174  11:00  Lurker  
  155  11:19  Spine Crawler  
  155  11:20  Spine Crawler  
  155  11:21  Spine Crawler  
  155  11:25  Corruptor x5, Lurker  
  155  11:32  Drone x8  
  152  11:43  Lurker  
  147  11:47  Corruptor  
  147  11:48  Corruptor x3  
  151  11:59  Brood Lord  
  141  12:12  Roach x9  
  127  12:24  Roach x9  
  133  12:34  Brood Lord  
  129  12:43  Brood Lord  
  126  12:48  Brood Lord  
  109  13:06  Brood Lord x2  
  109  13:12  Hatchery  
  106  13:25  Hatchery  
  103  13:33  Hydralisk  
  103  13:34  Hydralisk x2  
  109  13:46  Hydralisk x3  
  115  14:00  Lurker x3  
  118  14:12  Zergling x2  
  118  14:13  Roach x13  
  118  14:14  Lurker x2  
  143  14:56  Hydralisk x6  
  143  14:57  Hydralisk x5  
  151  15:02  Hydralisk  
  149  15:43  Hatchery  
  144  15:55  Ravager x3  
  144  15:56  Ravager x2  
  144  15:57  Lurker x3  
  144  16:04  Overseer x2  
  145  16:21  Lurker  
  145  16:22  Lurker x2  
  132  16:42  Hydralisk  
  107  17:09  Lurker  
  105  17:36  Lurker x2  
  101  17:41  Corruptor x3, Extractor  
  101  17:42  Spine Crawler  
  105  17:45  Spine Crawler  
  96  18:09  Extractor  
  96  18:12  Spine Crawler x2  
  94  18:14  Spine Crawler  
  94  18:15  Brood Lord x2  
  96  18:38  Hatchery  
  95  18:42  Brood Lord  
  83  19:11  Hydralisk x2  
  81  19:28  Hatchery  
  77  19:47  Lurker x2  
  79  20:10  Spine Crawler x4  
  79  20:11  Spine Crawler x2  
  73  20:20  Queen x2  
  77  20:30  Drone x5  
  74  20:44  Drone x3  
  74  20:46  Drone  
  74  20:47  Drone x2  
  77  20:56  Queen  
  77  21:12  Roach x6  
  77  21:14  Hydralisk  
  88  21:40  Hydralisk x4  
  66  22:12  Roach x3  
  65  22:30  Lurker  
  65  22:31  Hydralisk x3  
  69  22:37  Overseer  

Tags
 
Add a new tag
Caveats
  • Supply blocks, unpowered buildings, or Contaminate may cause inaccurate times.
  • Supply counts are checked every 10 seconds.